 Dungeon Crawl Stone Soup version 0.30-a0-415-g685d318daa (webtiles) character file.

Game seed: 11985772249509083447

4393 Emberiza the Severer (level 10, -2/77 HPs)
             Began as a Minotaur Berserker on Dec 8, 2022.
             Was a Priest of Trog.
             Killed from afar by an electric eel (12 damage)
             ... with a bolt of electricity
             ... on level 8 of the Dungeon.
             The game lasted 00:15:49 (7980 turns).

Emberiza the Severer (Minotaur Berserker)           Turns: 7980, Time: 00:15:50

Health: -2/77      AC:  9    Str: 26    XL:     10   Next: 13%
Magic:  9/9        EV: 11    Int:  4    God:    Trog [***...]
Gold:   283        SH: 10    Dex: 10    Spells: 9/9 levels left

rFire   . . .      SeeInvis .    w - +2 broad axe
rCold   . . .      Faith    .    C - +2 buckler
rNeg    . . .      Spirit   .    H - +1 swamp dragon scales
rPois   +          Reflect  +    (helmet restricted)
rElec   .          Harm     .    (no cloak)
rCorr   .          Rampage  .    G - +0 pair of gloves
Will    ++...                    (no boots)
Stlth   ..........               j - amulet of reflection
HPRegen 1.32/turn                (no ring)
MPRegen 0.11/turn                (no ring)

@: strong-willed, regenerating
A: horns 2, retaliatory headbutt
a: Renounce Religion, Berserk, Trog's Hand


You were on level 8 of the Dungeon.
You worshipped Trog.
Trog was most pleased with you.
You visited 1 branch of the dungeon, and saw 8 of its levels.

You collected 363 gold pieces.
You spent 80 gold pieces at shops.

Inventory:

Hand Weapons
 a - a +0 hand axe
 w - a +2 broad axe (weapon)
Missiles
 g - 24 poisoned darts (quivered)
Armour
 h - a +1 chain mail
 C - a +2 buckler (worn)
 D - the +1 ring mail "Negimaeb" {rF+ Dex+4}
   (You found it on level 6 of the Dungeon)

   Dex:       It affects your dexterity (+4).
   rF:        It protects you from fire.
 G - a +0 pair of gloves (worn)
 H - +1 swamp dragon scales (worn)
Jewellery
 j - an amulet of reflection (around neck)
Wands
 o - a wand of roots (6)
 v - a wand of digging (4)
 B - a wand of charming (10)
Scrolls
 b - a scroll of amnesia
 i - 3 scrolls of fear
 l - a scroll of summoning
 m - a scroll of butterflies
 p - 2 scrolls of enchant armour
 s - 3 scrolls of teleportation
 u - a scroll of poison
 x - a scroll of magic mapping
 y - 2 scrolls of vulnerability
 I - a scroll of identify
Potions
 c - 8 potions of curing
 d - 7 potions of might {unknown}
 e - 2 potions of magic {unknown}
 f - a potion of brilliance {unknown}
 k - 2 potions of flight {unknown}
 n - 2 potions of degeneration {unknown}
 q - a potion of heal wounds
 r - 2 potions of lignification {unknown}
 t - a potion of berserk rage {unknown}
 z - a potion of attraction {unknown}
 A - 3 potions of haste {unknown}
 E - a potion of invisibility {unknown}
 F - a potion of resistance {unknown}


   Skills:
 - Level 3.6 Fighting
 * Level 17.4 Axes
 - Level 2.4 Armour
 - Level 2.1 Dodging


You had 9 spell levels left.
You didn't know any spells.
Your spell library was empty.

Dungeon Overview and Level Annotations

Branches:
Dungeon (8/15)             Temple (0/1) D:7            Lair (0/5) D:8

Altars:

Shops:
D:4 *

Annotations:
D:4 5 runed translucent doors, Majang's ghost, amateur TeHu


Innate Abilities, Weirdness & Mutations

You have a pair of horns on your head.
You reflexively headbutt those who attack you in melee.


Message History

* * * LOW HITPOINT WARNING * * *
The electric eel shoots out a bolt of lightning at you!
The bolt of electricity hits you!
* * * LOW HITPOINT WARNING * * *
Okay, then.
Your skin crawls.
You feel strong-willed.
The electric eel shoots out a bolt of lightning at you!
The bolt of electricity hits you.
* * * LOW HITPOINT WARNING * * *
The electric eel shoots out a bolt of lightning at you!
The bolt of electricity hits you.
* * * LOW HITPOINT WARNING * * *
The electric eel shoots out a bolt of lightning at you!
The bolt of electricity hits the electric eel.
The electric eel completely resists.
The bolt of electricity hits you!
* * * LOW HITPOINT WARNING * * *
The electric eel shoots out a bolt of lightning at you!
The bolt of electricity hits you.
* * * LOW HITPOINT WARNING * * *
You feel much better.
The electric eel shoots out a bolt of lightning at you!
The bolt of electricity hits the electric eel.
The electric eel completely resists.
The bolt of electricity hits you!
* * * LOW HITPOINT WARNING * * *
The electric eel shoots out a bolt of lightning at you!
The bolt of electricity hits you!
* * * LOW HITPOINT WARNING * * *
The electric eel shoots out a bolt of lightning at you!
The bolt of electricity hits you.
* * * LOW HITPOINT WARNING * * *
The electric eel shoots out a bolt of lightning at you!
The bolt of electricity misses the electric eel.
The bolt of electricity misses you.
The electric eel shoots out a bolt of lightning at you!
The bolt of electricity hits the plant!
The plant begins to die.
The bolt of electricity misses you.
The electric eel shoots out a bolt of lightning at you!
The bolt of electricity hits the plant!
The bolt of electricity hits you!
You die...

##.~♣♣♣~≈≈.~S~~~♣
##..♣~~~~≈~.S~~~♣
#..#~~≈≈≈≈≈.~~~~♣
#.#♣♣~~~≈≈~.SS~♣
#.♣~~~~~~~~.~~P♣
#..~~P~~~~≈.~~♣#
##..♣~~~~~♣.♣~#
##..♣♣♣~P...##
##....@....#
###########


You could see 2 electric eels.

Vanquished Creatures
  Pikel (D:7)
  Joseph (D:7)
  Maggie (D:8)
  Grinder (D:6)
  Sigmund (D:6)
  Menkaure (D:5)
  An acid dragon (D:8)
  3 water moccasins
  A black bear (D:5)
  A sky beast (D:7)
  2 ogres
  4 centaurs
  3 bullfrogs
  3 necrophages
  2 gnoll sergeants (D:6)
  A scorpion (D:6)
  8 killer bees
  3 electric eels (D:8)
  2 howler monkeys (D:8)
  3 hounds
  2 jellies
  4 orc priests
  3 iguanas
  An orc wizard (D:7)
  8 gnolls (D:6)
  13 adders
  An ufetubus (D:5)
  2 dart slugs
  22 orcs
  16 ball pythons
  3 bats (D:2)
  8 endoplasms
  5 giant cockroaches
  12 goblins
  9 hobgoblins
  10 jackals
  8 quokkas
  6 frilled lizards
  8 kobolds
  3 rats (D:1)
187 creatures vanquished.

Vanquished Creatures (collateral kills)
  An ufetubus (D:6)
1 creature vanquished.

Vanquished Creatures (others)
  An orc wizard (D:8)
  3 orcs (D:8)
  32 plants
36 creatures vanquished.

Grand Total: 224 creatures vanquished

Notes
Turn   | Place    | Note
-------+----------+-------------------------------------------
     0 | D:1      | Emberiza the Minotaur Berserker began the quest for the
                  | Orb.
     0 | D:1      | Reached XP level 1. HP: 19/19 MP: 0/0
    18 | D:1      | Reached skill level 4 in Axes
   233 | D:1      | Reached XP level 2. HP: 23/26 MP: 1/1
   461 | D:1      | Reached skill level 5 in Axes
   509 | D:1      | Reached XP level 3. HP: 31/31 MP: 2/2
   617 | D:1      | Found a faded altar of an unknown god.
  1398 | D:2      | Reached ** piety under Trog
  1399 | D:2      | Reached skill level 6 in Axes
  1399 | D:2      | Reached XP level 4. HP: 34/39 MP: 3/3
  2350 | D:3      | Reached XP level 5. HP: 43/45 MP: 4/4
  2532 | D:3      | Reached skill level 7 in Axes
  3087 | D:4      | Reached *** piety under Trog
  3158 | D:4      | Found Aptedim's General Store.
  3165 | D:4      | Bought a potion of heal wounds for 50 gold pieces
  3165 | D:4      | Bought a potion of curing for 30 gold pieces
  3216 | D:4      | Reached skill level 8 in Axes
  3406 | D:4      | Found a large runed translucent door.
  3407 | D:4      | Found a large runed translucent door.
  3409 | D:4      | Noticed a two-headed ogre
  3416 | D:4      | Found a large runed translucent door.
  3416 | D:4      | Found a large runed translucent door.
  3426 | D:4      | Found a runed translucent door.
  3428 | D:4      | Noticed a steam dragon
  3429 | D:4      | Noticed Majang's ghost (amateur TeHu)
  3503 | D:4      | Reached XP level 6. HP: 51/51 MP: 5/5
  3949 | D:5      | Entered Level 5 of the Dungeon
  3963 | D:5      | Reached skill level 9 in Axes
  3999 | D:5      | Noticed a water moccasin
  4012 | D:5      | Killed a water moccasin
  4013 | D:5      | Reached XP level 7. HP: 30/57 MP: 6/6
  4166 | D:5      | Found a sand-covered staircase.
  4227 | D:5      | Noticed Menkaure
  4232 | D:5      | Killed Menkaure
  4233 | D:5      | Reached skill level 10 in Axes
  4558 | D:5      | Reached skill level 11 in Axes
  4598 | D:5      | Reached XP level 8. HP: 63/64 MP: 7/7
  4739 | D:6      | Noticed Grinder
  4749 | D:6      | Killed Grinder
  4750 | D:6      | Reached skill level 12 in Axes
  4850 | D:6      | Noticed Sigmund
  4857 | D:6      | Killed Sigmund
  4858 | D:6      | Reached skill level 13 in Axes
  5469 | D:6      | Identified the +1 ring mail "Negimaeb" {rF+ Dex+4}
  5574 | D:6      | Reached skill level 14 in Axes
  5893 | D:6      | Reached XP level 9. HP: 70/70 MP: 8/8
  6074 | D:7      | Noticed Joseph
  6086 | D:7      | Killed Joseph
  6087 | D:7      | Reached skill level 15 in Axes
  6090 | D:7      | Reached **** piety under Trog
  6347 | D:7      | Noticed Pikel
  6355 | D:7      | Killed Pikel
  6356 | D:7      | Reached skill level 16 in Axes
  6586 | D:7      | Found a staircase to the Ecumenical Temple.
  6762 | D:8      | Found a staircase to the Lair.
  6762 | D:8      | Noticed Maggie
  6771 | D:8      | Killed Maggie
  6786 | D:8      | Reached skill level 17 in Axes
  6845 | D:8      | Reached XP level 10. HP: 67/77 MP: 9/9
  7980 | D:8      | Killed from afar by an electric eel

Illustrated notes

Levels and vault maps discovered:
D:1:      dpeg_arrival_chambers_temple_mockup, layout_basic,
          chequers_ecumenical_altar_lobes, serial_bayou_lagoon_a,
          palyth_stone_intersect
D:2:      layout_basic, serial_bayou_pond_d
D:3:      layout_loops_ring, eino_tiny_chamber
D:4:      layout_loops_corners, serial_shops, shop_fountains,
          ebering_ghost_inner_flame, minmay_hollow_rounded_squares
D:5:      minmay_diamond_boxcup, layout_cave_pools,
          nicolae_ossuary_entry_monument, uniq_menkaure
D:6:      layout_rooms, minmay_misc_feat_encased, uniq_grinder, uniq_sigmund
D:7:      layout_rooms, minmay_temple_entry_statues_fountains, uniq_pikel,
          uniq_joseph
D:8:      layout_loops_ring, lair_entry_dummy, hangedman_glass_teeth,
          serial_bayou_lagoon_b, uniq_erica, uniq_maggie

Skill      XL: |  1  2  3  4  5  6  7  8  9 |
---------------+----------------------------+-----
Axes           | 4 5 6 8 9 11 14 17 | 17.4
Fighting       | |  3.6
Armour         | |  2.4
Dodging        | |  2.1

Action                   |  1- 3 |  4- 6 |  7- 9 | 10-12 || total
-------------------------+-------+-------+-------+-------++-------
Melee: Hand axe          |   100 |    81 |       |       ||   181
       Punch             |     1 |     1 |     1 |       ||     3
       Headbutt          |     8 |    19 |    22 |     3 ||    52
       Broad axe         |       |    56 |   133 |    40 ||   229
Invok: Berserk           |     1 |     2 |     8 |       ||    11
       Trog's Hand       |       |     1 |     1 |     2 ||     4
Evoke: Wand              |       |       |     1 |       ||     1
  Use: Scroll            |     2 |     3 |     7 |       ||    12
       Potion            |       |       |     1 |     1 ||     2
Armor: Animal skin       |    11 |       |       |       ||    11
       Chain mail        |    26 |    64 |    48 |     1 ||   139
       Swamp dragon scal |       |       |       |     7 ||     7
Dodge: Dodged            |    66 |    44 |    48 |    17 ||   175
Block: Other             |       |    25 |    16 |       ||    41
       Buckler           |       |       |    39 |     8 ||    47
       Reflection        |       |       |     2 |     1 ||     3

Table legend: (Time is in decaauts)
 A = Elapsed time spent in this place.
 B = Non-inter-level travel time spent in this place.
 C = Inter-level travel time spent in this place.
 D = Time resting spent in this place.
 E = Time spent auto-exploring this place.
 F = Levels seen in this place.
 G = Mean time per level.
                   A        B        C        D        E       F      G
               +--------+--------+--------+--------+--------+-----+--------+
         Total |   8105 |   7907 |    198 |   2283 |   4244 |   8 | 1013.1 |
       Dungeon |   8105 |   7907 |    198 |   2283 |   4244 |   8 | 1013.1 |
               +--------+--------+--------+--------+--------+-----+--------+

Top non-repeatable levels by time:
     D:4: 1375 daAuts
     D:6: 1346 daAuts
     D:8: 1240 daAuts
     D:1: 1066 daAuts
     D:2: 885 daAuts
     D:5: 818 daAuts
     D:7: 703 daAuts
     D:3: 669 daAuts
